 Dungeon Crawl Stone Soup version 0.21.1-1-g345015f (webtiles) character file.

58 robbits the Insei (level 3, -3/26 HPs)
             Began as a Demonspawn Transmuter on May 28, 2018.
             Slain by a worm (9 damage)
             ... on level 3 of the Dungeon.
             The game lasted 00:02:19 (1744 turns).

robbits the Insei (Demonspawn Transmuter)           Turns: 1744, Time: 00:02:19

Health: -3/26      AC:  4    Str: 10    XL:     3   Next: 75%
Magic:  6/6        EV: 12    Int: 15    God:
Gold:   70         SH:  0    Dex: 13    Spells: 2/6 levels left

rFire    . . .     SeeInvis .     - Unarmed
rCold    . . .     Gourm    .   (no shield)
rNeg     . . .     Faith    .   b - +0 robe
rPois    .         Spirit   .   (no helmet)
rElec    .         Reflect  .   (no cloak)
rCorr    .         Harm     .   (no gloves)
MR       .....                  (no boots)
Stlth    +.........             (no amulet)
HPRegen  0.08/turn              h - ring of wizardry
MPRegen  0.10/turn              (no ring)

@: appendage
A: horns 2, talons 1, thin metallic scales 1
a: End Transformation


You were on level 3 of the Dungeon.
You were hungry.
You had grown temporary horns.
You visited 1 branch of the dungeon, and saw 3 of its levels.

You collected 70 gold pieces.

Inventory:

Missiles
 a - 12 arrows
Armour
 b - a +0 robe (worn)
Jewellery
 h - a ring of wizardry (left hand)
Scrolls
 f - a scroll of teleportation {unknown}
 i - a scroll of random uselessness {unknown}
 l - a scroll of blinking {unknown}
Potions
 e - a potion of haste {unknown}
 g - a potion of lignification
 j - 2 potions of agility
 k - a potion of flight {unknown}
 m - a potion of might {unknown}
 n - a potion of heal wounds
Books
 c - a book of Changes

   Spells                             Type                      Level
   a - Beastly Appendage              Transmutation                1
   b - Sticks to Snakes               Transmutation                2
   c - Spider Form                    Transmutation/Poison         3
   d - Ice Form                       Ice/Transmutation            4
   e - Blade Hands                    Transmutation                5
Comestibles
 d - 4 rations


   Skills:
 + Level 1.1 Fighting
 + Level 2.0 Dodging
 + Level 0.2 Stealth
 + Level 3.6 Unarmed Combat
 + Level 2.3 Spellcasting
 + Level 2.2 Transmutations


You had 2 spell levels left.
You knew the following spells:

 Your Spells              Type           Power        Failure   Level  Hunger
a - Beastly Appendage     Tmut           #.....       3%          1    #......
b - Spider Form           Tmut/Pois      #.........   16%         3    ###....


Dungeon Overview and Level Annotations

Branches:
Dungeon (3/15)

Altars:


Innate Abilities, Weirdness & Mutations

You have sharp toenails.
You are partially covered in thin metallic scales. (AC +2)
You have a pair of horns on your head.


Message History

There is a stone staircase leading down, spattered with blood here.
You hit the rat.
You kill the rat!
The worm barely misses you.
The gnoll hits you from afar with a halberd!
You climb downwards.
There is a stone staircase leading up, spattered with blood here.
You barely miss the worm. You claw the worm.
The worm is lightly wounded.
The worm bites you.
You hit the worm but do no damage. You punch the worm.
The worm is moderately wounded.
The worm bites you!
* * * LOW HITPOINT WARNING * * *
You hit the worm but do no damage. You claw the worm.
The worm is heavily wounded.
You hit the worm. You claw the worm, but do no damage. You headbutt the worm.
The worm is severely wounded.
The worm bites you!
You die...

####
..#
#.#
#.#
#.#
#)#
#@#
#.#w#
#.#
#.#
#.#
#.#
#.#
#.#
...
##
###


You could see a worm.

Vanquished Creatures
  2 gnolls (D:3)
  An adder (D:2)
  An ooze (D:1)
  A dart slug (D:1)
  3 giant cockroaches (D:1)
  3 goblins
  2 hobgoblins (D:1)
  A ball python (D:1)
  2 bats (D:1)
  2 frilled lizards
  3 kobolds (D:1)
  4 rats
25 creatures vanquished.

Notes
Turn   | Place    | Note
-------+----------+-------------------------------------------
     0 | D:1      | robbits the Demonspawn Transmuter began the quest for the Orb.
     0 | D:1      | Reached XP level 1. HP: 15/15 MP: 3/3
   447 | D:1      | Reached skill level 3 in Unarmed Combat
   479 | D:1      | Gained mutation: You are partially covered in thin metallic scales. (AC +2) [demonic ancestry]
   479 | D:1      | Reached XP level 2. HP: 18/21 MP: 5/5
  1206 | D:2      | Mutation became permanent: You have razor-sharp toenails. [demonic ancestry]
  1206 | D:2      | Gained mutation: You have claws for feet. [demonic ancestry]
  1206 | D:2      | Reached XP level 3. HP: 26/26 MP: 4/6
  1229 | D:2      | Learned a level 3 spell: Spider Form
  1281 | D:2      | HP: 1/26 [gnoll (3)]
  1744 | D:3      | Slain by a worm

Skill      XL: |  1  2  3 |
---------------+----------+-----
Unarmed Combat | 3 |  3.6
Transmutations | 2 |  2.2
Dodging        | 2 |  2.0
Fighting       | |  1.1
Stealth        | |  0.2
Spellcasting   | |  2.3

Action                   || total
-------------------------++-------
Melee: Unarmed           ||    83
       Kick              ||    11
       Headbutt          ||     9
       Punch             ||     2
 Cast: Beastly Appendage ||    17
  Use: Scroll            ||     3
       Potion            ||     1
 Stab: Sleeping          ||     1
  Eat: Chunk             ||     2
Armor: Robe              ||    13
Dodge: Dodged            ||    51
